 Dungeon Crawl Stone Soup version 0.23-a0-622-g59b4ea9 (webtiles) character file.

1463 Matador8 the Spear-Bearer (level 8, -2/56 HPs)
             Began as a Merfolk Skald on Dec 23, 2018.
             Was a Follower of Nemelex Xobeh.
             Slain by an unseen horror (3 damage)
             ... on level 7 of the Dungeon.
             The game lasted 01:11:51 (8124 turns).

Matador8 the Spear-Bearer (Merfolk Skald)           Turns: 8124, Time: 01:11:52

Health: -2/56      AC:  5    Str: 12    XL:     8   Next: 77%
Magic:  26/30      EV: 12    Int: 14    God:    Nemelex Xobeh [*.....]
Gold:   291        SH:  0    Dex:  8    Spells: 5/11 levels left

rFire    . . .     SeeInvis .   a - +0 spear
rCold    + . .     Gourm    .   (no shield)
rNeg     . . .     Faith    .   y - +2 leather armour of the Elven Halls {+Blink MP+9 Dex-5}
rPois    .         Spirit   .   (no helmet)
rElec    .         Reflect  .   (no cloak)
rCorr    .         Harm     .   (no gloves)
MR       .....                  (no boots)
Stlth    +.........             (no amulet)
HPRegen  0.18/turn              c - ring of magical power
MPRegen  0.22/turn              m - ring of protection from cold

@: about to teleport
A: change form in water, swift swim, stealthy swim
a: Draw Escape, Draw Destruction, Draw Summoning, Renounce Religion, Evoke Blink


You were on level 7 of the Dungeon.
You worshipped Nemelex Xobeh.
Nemelex Xobeh was aware of your devotion.
You were not hungry.

You visited 2 branches of the dungeon, and saw 8 of its levels.

You collected 291 gold pieces.

Inventory:

Hand Weapons
 a - a +0 spear (weapon)
 g - a +0 blowgun
Missiles
 e - 5 curare-tipped needles
 v - 14 poisoned needles
Armour
 b - a +0 leather armour
 p - a +0 ring mail
 q - a +0 buckler
 y - the +2 leather armour of the Elven Halls (worn) {+Blink MP+9 Dex-5}
   (You found it on level 6 of the Dungeon)

   It affects your dexterity (-5).
   It affects your magic capacity (+9).
   It lets you blink.
Jewellery
 c - a ring of magical power (left hand)
 m - a ring of protection from cold (right hand)
Wands
 B - a wand of random effects (10)
Scrolls
 f - a scroll of fog {unknown}
 i - 2 scrolls of teleportation
 k - 3 scrolls of identify
 l - 3 scrolls of enchant armour {unknown}
 o - 4 scrolls of fear {unknown}
 r - 2 scrolls of noise {unknown}
 s - a scroll of magic mapping {unknown}
 t - 4 scrolls of remove curse
 u - 4 scrolls of amnesia {unknown}
 x - a scroll of enchant weapon {unknown}
 A - 3 scrolls of blinking {unknown}
Potions
 h - a potion of curing {unknown}
 j - 2 potions of flight {unknown}
 n - a potion of berserk rage {unknown}
 w - a potion of degeneration {unknown}
 z - a potion of resistance {unknown}
Comestibles
 d - 9 rations


   Skills:
 - Level 2.1 Fighting
 + Level 9.7 Polearms
 - Level 0.6 Armour
 - Level 2.6 Dodging
 + Level 2.2 Spellcasting
 - Level 7.7 Charms
 + Level 5.4 Invocations


You had 5 spell levels left.
You knew the following spells:

 Your Spells              Type           Power        Failure   Level  Hunger
a - Infusion              Chrm           ###.         1%          1    #......
b - Shroud of Golubria    Chrm/Tloc      ##........   9%          2    ###....
c - Spectral Weapon       Hex/Chrm       ##......     19%         3    ###....

Your spell library contained the following spells:

 Spells                   Type           Power        Failure   Level  Hunger
 Song of Slaying          Chrm           ###.....     1%          2    ###....
 Regeneration             Chrm/Necr      ##........   19%         3    ###....
 Animate Skeleton         Necr           N/A          30%         1    #......
 Apportation              Tloc           #.....       30%         1    #......
 Confusing Touch          Hex            #.....       30%         1    #......
 Summon Small Mammal      Summ           #...         30%         1    #......
 Confuse                  Hex            #.......     65%         3    ###....
 Gell's Gravitas          Tloc           #.........   65%         3    ###....
 Petrify                  Tmut/Erth      #.......     96%         4    #####..
 Metabolic Englaciation   Hex/Ice        #.........   100%        5    ######.
 Yara's Violent Unravell  Hex/Tmut       #.........   100%        5    ######.


Dungeon Overview and Level Annotations

Branches:
Dungeon (7/15)             Temple (1/1) D:4

Altars:
Dithmenos
Fedhas
Gozag
Hepliaklqana
Kikubaaqudgha
Makhleb
Nemelex Xobeh
Okawaru
Qazlal
Ru
Uskayaw
Wu Jian
Xom
Yredelemnul
Zin
The Shining One

Annotations:
D:4 Eustachio, Grinder


Message History

You swap places.
Something hits your spectral weapon. Something hits your spectral weapon!
Your spectral weapon shares its damage with you!
* * * LOW HITPOINT WARNING * * *
Something closely misses your spectral weapon.
Something hits your spectral weapon.
Your spectral weapon shares its damage with you!
* * * LOW HITPOINT WARNING * * *
Something hits your spectral weapon.
Your spectral weapon shares its damage with you!
Your spectral weapon fades away.
* * * LOW HITPOINT WARNING * * *
As you read the scroll of teleportation, it crumbles to dust.
You feel strangely unstable. Something hits you!
* * * LOW HITPOINT WARNING * * *
Something hits you.
* * * LOW HITPOINT WARNING * * *
Something hits you.
You die...
Your body glows slightly and disappears.

#.# #.#
#.###################
#...................#
#################.###
....$........>###.##
#.....#######......#
..... #.{....# ....
#.@....# .#. #......#
# #......# #......#
#......# #......#
#.#####.###.##
#.........#...
#.#####.#.# ###


There were no monsters in sight!

Vanquished Creatures
  A water moccasin (D:7)
  2 ice beasts
  A centaur (D:5)
  A crocodile (D:7)
  A gnoll sergeant (D:6)
  A scorpion (D:7)
  4 crimson imps
  A howler monkey (D:5)
  2 centaur zombies (D:6)
  5 hounds
  2 jellies (D:6)
  A quasit (D:6)
  A bullfrog skeleton (D:6)
  2 orc wizards
  An orc priest (D:5)
  A worker ant (D:5)
  A hound zombie (D:5)
  A hound skeleton (D:3)
  5 adders
  7 gnolls
  A shadow imp (D:6)
  An ooze (D:5)
  2 adder skeletons
  2 worms (D:2)
  4 dart slugs
  3 leopard geckos (D:2)
  15 orcs
  A ball python (D:2)
  4 bats
  9 giant cockroaches
  8 goblins
  17 hobgoblins
  6 jackals
  3 quokkas
  3 frilled lizards
  6 kobolds
  A leopard gecko skeleton (D:5)
  A quokka skeleton (D:6)
  A quokka zombie (D:5)
  11 rats
140 creatures vanquished.

Vanquished Creatures (others)
  5 spectral weapons
5 creatures vanquished.

Grand Total: 145 creatures vanquished

Notes
Turn   | Place    | Note
-------+----------+-------------------------------------------
     0 | D:1      | Matador8 the Merfolk Skald began the quest for the Orb.
     0 | D:1      | Reached XP level 1. HP: 16/16 MP: 3/3
   133 | D:1      | Reached XP level 2. HP: 13/22 MP: 1/5
   196 | D:1      | Learned a level 2 spell: Shroud of Golubria
   326 | D:1      | Reached skill level 4 in Polearms
   336 | D:1      | Reached XP level 3. HP: 19/27 MP: 1/6
   923 | D:2      | Found a glowing golden altar of the Shining One.
  1256 | D:2      | Reached XP level 4. HP: 27/33 MP: 4/7
  1339 | D:2      | Found a blossoming altar of Fedhas.
  1503 | D:3      | Reached skill level 5 in Polearms
  2245 | D:3      | Reached XP level 5. HP: 26/38 MP: 0/8
  2579 | D:3      | Reached skill level 5 in Charms
  2877 | D:3      | Reached skill level 6 in Polearms
  3044 | D:4      | Found an ancient bone altar of Kikubaaqudgha.
  3046 | D:4      | Found a blossoming altar of Fedhas.
  3066 | D:4      | Found a staircase to the Ecumenical Temple.
  3069 | D:4      | Noticed Eustachio
  3082 | Temple   | Entered the Ecumenical Temple
  3156 | Temple   | Became a worshipper of Nemelex Xobeh the Trickster
  3269 | D:3      | Reached XP level 6. HP: 23/44 MP: 3/9
  3673 | D:4      | Found a hazy altar of Hepliaklqana.
  3687 | D:4      | Received a gift from Nemelex Xobeh
  4076 | D:4      | Reached skill level 1 in Invocations
  4142 | D:4      | Noticed Grinder
  4154 | D:4      | Paralysed by Grinder for 4 turns
  4169 | D:4      | Paralysed by Grinder for 5 turns
  4191 | D:4      | Paralysed by Grinder for 4 turns
  4412 | D:5      | Entered Level 5 of the Dungeon
  4520 | D:5      | Found a stormy altar of Qazlal.
  4629 | D:5      | Reached skill level 7 in Polearms
  4955 | D:5      | Reached * piety under Nemelex Xobeh
  4975 | D:5      | Reached XP level 7. HP: 48/50 MP: 3/10
  5115 | D:5      | Learned a level 3 spell: Spectral Weapon
  5215 | D:6      | Found a sacrificial altar of Ru.
  5502 | D:6      | Got a slimy leather armour
  5513 | D:6      | Identified the +2 leather armour of the Elven Halls {+Blink
                  | MP+9 Dex-5} (You found it on level 6 of the Dungeon)
  5872 | D:6      | Received a gift from Nemelex Xobeh
  6110 | D:6      | Reached skill level 8 in Polearms
  6648 | D:5      | Reached XP level 8. HP: 50/56 MP: 11/11
  7065 | D:6      | Reached skill level 9 in Polearms
  7568 | D:7      | Reached skill level 5 in Invocations
  8123 | D:7      | HP: 2/56 [something (7)]
  8124 | D:7      | Slain by an unseen horror

Vault maps used:
D:1:      scummos_arrival_checkerplants
D:2:      marbit_many_paths, fedhas_altar_fruit_tree
D:3:      first_ration, st_stairs_11
D:4:      grunt_temple_overflow_growth_and_decay, kennysheep_mini_moat,
          temple_pool_b, uniq_grinder, uniq_eustachio
D:5:      basic_altar
D:6:      nicolae_ru_awakened_eye, chequers_serial_rivers_room_b
D:7:      kennysheep_mini, amethyst_killhole, uniq_prince_ribbit1,
          uniq_menkaure, uniq_joseph
Temple:   compressed_dpeg_circular_temple

Skill      XL: |  1  2  3  4  5  6  7  8 |
---------------+-------------------------+-----
Polearms       | 4 5 6 7 8 9 |  9.7
Charms         | 4 5 6 7 |  7.7
Invocations    | 2 4 5 |  5.4
Fighting       | |  2.1
Armour         | |  0.6
Dodging        | |  2.6
Spellcasting   | |  2.2

Action                   |  1- 3 |  4- 6 |  7- 9 || total
-------------------------+-------+-------+-------++-------
Melee: Spear             |   174 |   250 |   302 ||   726
 Cast: Infusion          |     7 |    25 |    15 ||    47
       Shroud of Golubri |     9 |    23 |    25 ||    57
       Spectral Weapon   |       |       |    21 ||    21
 Abil: Draw Escape       |       |     1 |       ||     1
       Draw Destruction  |       |     1 |       ||     1
  Use: Potion            |       |     4 |       ||     4
       Scroll            |       |       |     3 ||     3
 Stab: Distracted        |       |       |     2 ||     2
  Eat: Chunk             |     2 |    11 |     3 ||    16
       Ration            |       |     1 |     4 ||     5
Armor: Leather armour    |    25 |    62 |    53 ||   140
Dodge: Dodged            |    85 |   172 |   121 ||   378

Table legend:
 A = Non-vault XP
 B = Vault XP
 C = Vault XP percentage of total XP
 D = Non-vault monster count
 E = Vault monster count
 F = Vault count percentage of total count
                 A         B        C        D         E       F
            +---------+---------+-------+---------+---------+-------
      Total |    2060 |      31 |   1.5 |     135 |       5 |   3.6
            +---------+---------+-------+---------+---------+-------
        D:1 |      43 |       0 |   0.0 |      22 |       0 |   0.0
        D:2 |      73 |       2 |   2.7 |      28 |       1 |   3.4
        D:3 |     152 |      29 |  16.0 |      26 |       4 |  13.3
        D:4 |      76 |       0 |   0.0 |       6 |       0 |   0.0
        D:5 |     469 |       0 |   0.0 |      22 |       0 |   0.0
        D:6 |     743 |       0 |   0.0 |      25 |       0 |   0.0
        D:7 |     504 |       0 |   0.0 |       6 |       0 |   0.0
            +---------+---------+-------+---------+---------+-------
